 Dungeon Crawl Stone Soup version 0.19.1 (webtiles) character file.

4 ImaNewbie the Magician (level 1, -3/14 HPs)
             Began as a Draconian Wanderer on Dec 5, 2016.
             Slain by a hobgoblin
             ... wielding a +0 club
              (7 damage)
             ... on level 1 of the Dungeon.
             The game lasted 00:01:59 (223 turns).

ImaNewbie the Magician (Draconian Wanderer)          Turns: 223, Time: 00:02:00

Health: -3/14      AC:  4    Str: 14    XL:     1   Next: 50%
Magic:  2/4        EV: 11    Int: 11    God:
Gold:   33         SH:  0    Dex: 11    Spells: 1 memorised, 5 levels left

rFire  . . .     SeeInvis .     d - +0 club
rCold  . . .     Gourm    .     (armour unavailable)
rNeg   . . .     Faith    .     (no shield)
rPois  .         Spirit   .     (helmet restricted)
rElec  .         Reflect  .     (no cloak)
rCorr  .         Harm     .     (no gloves)
MR     .....                    (no boots)
Stlth  +.........               (no amulet)
                                (no ring)
                                (no ring)

@: very slightly contaminated
A: unfitting armour, cold-blooded, AC +4
a: no special abilities


You were on level 1 of the Dungeon.
You were not hungry.

You visited 1 branch of the dungeon, and saw 1 of its levels.

You collected 33 gold pieces.

Inventory:

Hand Weapons
 d - a +0 club (weapon)
Missiles
 g - 2 throwing nets (quivered)
Potions
 e - a potion of lignification {unknown}
Books
 a - a book of Maledictions

   Spells                             Type                      Level
   a - Corona                         Hexes                        1
   b - Ensorcelled Hibernation        Hexes/Ice                    2
   c - Confuse                        Hexes                        3
   d - Tukima's Dance                 Hexes                        3
   e - Dazzling Spray                 Conjuration/Hexes            3
 b - the Compendium of Transmutation

   Spells                             Type                      Level
   a - Beastly Appendage              Transmutation                1
   b - Spider Form                    Transmutation/Poison         3
 c - Sif Muna's Handbook of Flight

   Spells                             Type                      Level
   a - Shock                          Conjuration/Air              1
   b - Static Discharge               Conjuration/Air              3
Comestibles
 f - a bread ration
 h - a chunk of flesh


   Skills:
 - Level 1.0 Stealth
 - Level 3.0 Spellcasting
 - Level 1.0 Conjurations
   Level 2.6 Hexes
   Level 1.0 Necromancy
 + Level 1.1 Air Magic
   Level 1.0 Evocations


You had 5 spell levels left.
You knew the following spells:

 Your Spells              Type           Power        Failure   Level  Hunger
a - Shock                 Conj/Air       #...         21%         1    #......


Dungeon Overview and Level Annotations

Branches:
Dungeon (1/15)

Altars:


Innate Abilities, Weirdness & Mutations

Your plain brown scales are hard. (AC +4)
You cannot fit into any form of body armour.
You are cold-blooded and may be slowed by cold attacks.


Message History

Unknown command.
Unknown command.
You closely miss the hobgoblin. The hobgoblin hits you with a club.
The hobgoblin hits you but does no damage.
You closely miss the hobgoblin. The hobgoblin hits you with a club.
* * * LOW HITPOINT WARNING * * *
You hit the hobgoblin.
The hobgoblin is heavily wounded.
The hobgoblin hits you but does no damage.
You hit the hobgoblin but do no damage.
The hobgoblin is heavily wounded.
The hobgoblin barely misses you.
You hit the hobgoblin but do no damage. You tail-slap the hobgoblin.
The hobgoblin is severely wounded.
The hobgoblin closely misses you.
You closely miss the hobgoblin.
Your tail-slap misses the hobgoblin.
The hobgoblin is severely wounded.
The hobgoblin hits you with a club!
Ouch! That really hurt!
You die...

##.#......# #...#
#.#......###...#
#..............#
##.....g.......#
#.#.###.......# .
####...###.......##...
#........#####........
#.....>..g......##.#.#
#.......@######.#
########## ... ####


You could see a hobgoblin.

Vanquished Creatures
  A giant cockroach (D:1)
  2 bats (D:1)
  A frilled lizard (D:1)
4 creatures vanquished.

Notes
Turn   | Place    | Note
-------+----------+-------------------------------------------
     0 | D:1      | ImaNewbie the Draconian Wanderer began the quest for the Orb.
     0 | D:1      | ImaNewbie set off with: a book of Maledictions, the Compendium of Transmutation, Sif Muna's Handbook of Flight, a +0 club, a bread ration
     0 | D:1      | Reached XP level 1. HP: 14/14 MP: 4/4
     0 | D:1      | Identified the Compendium of Transmutation
     0 | D:1      | Identified Sif Muna's Handbook of Flight
     2 | D:1      | Learned a level 1 spell: Shock
   152 | D:1      | Reached skill level 1 in Air Magic
   223 | D:1      | Slain by a hobgoblin

Skill      XL: |  1 |
---------------+----+-----
Air Magic      | 1 |  1.1
Stealth        | |  1.0
Spellcasting   | |  3.0
Conjurations   | |  1.0
Hexes          | |  2.6
Necromancy     | |  1.0
Evocations     | |  1.0

Action                   || total
-------------------------++-------
Melee: Club              ||    25
       Tailslap          ||     1
 Cast: Shock             ||     5
Armor: Skin              ||    15
Dodge: Dodged            ||    20
